 Dungeon Crawl Stone Soup version 0.27-a0-1308-gc08437e49b (webtiles) character file.

Game seed: 13662653022553257978

6 lessens the Cutter (level 1, -2/13 HPs)
             Began as a Deep Elf Chaos Knight on June 19, 2021.
             Was a Plaything of Xom.
             Slain by a kobold (4 damage)
             ... on level 1 of the Dungeon.
             The game lasted 00:00:14 (57 turns).

lessens the Cutter (Deep Elf Chaos Knight)            Turns: 57, Time: 00:00:14

Health: -2/13      AC:  5    Str:  9    XL:     1   Next: 75%
Magic:  3/3        EV: 12    Int: 16    God:    Xom [..*...]
Gold:   0          SH:  0    Dex: 14    Spells: 0/0 levels left

rFire    . . .     SeeInvis .   a - +0 short sword (chaos)
rCold    . . .     Faith    .   (no shield)
rNeg     . . .     Spirit   .   b - +2 leather armour
rPois    .         Reflect  .   (no helmet)
rElec    .         Harm     .   (no cloak)
rCorr    .         Rampage  .   (no gloves)
Will     .....                  (no boots)
Stlth    +.........             (no amulet)
HPRegen  0.04/turn              (no ring)
MPRegen  0.08/turn              (no ring)

@: no status effects
A: no striking features
a: Renounce Religion


You were on level 1 of the Dungeon.
You worshipped Xom.
You were a toy of Xom.
You visited 1 branch of the dungeon, and saw 1 of its levels.

Inventory:

Hand Weapons
 a - a +0 short sword of chaos (weapon)
Armour
 b - a +2 leather armour (worn)
Scrolls
 c - 3 scrolls of blinking {unknown}


   Skills:
 - Level 2.4 Fighting
 + Level 3.4 Short Blades
 - Level 0.7 Armour
 - Level 2.4 Dodging


You couldn't memorise any spells.
You didn't know any spells.
Your spell library was empty.

Dungeon Overview and Level Annotations

Branches:
Dungeon (1/15)

Altars:


Message History

A hobgoblin comes into view.
You hit the dart slug.
The dart slug is lightly wounded.
The dart slug bites you but does no damage.
You hit the dart slug. You drain the dart slug.
The dart slug is almost dead.
The dart slug bites you but does no damage.
You hit the dart slug. You burn the dart slug.
You kill the dart slug!
You barely miss the ball python.
The ball python bites you but does no damage.
The ball python misses you.
You hit the ball python.
You kill the ball python!
You swap places.
The hobgoblin misses your butterfly.
You swap places.
The kobold completely misses your butterfly.
The hobgoblin misses you. The hobgoblin hits you.
You are too injured to fight recklessly!
You barely miss the hobgoblin.
Your butterfly disappears in a puff of smoke!
You barely miss the hobgoblin. The hobgoblin barely misses you.
You hit the hobgoblin.
The hobgoblin flickers and vanishes!
Deactivating autopickup; reactivate with Ctrl-A.
Xom is highly amused!
Something hits you.
You hit something but do no damage.
Nothing appears to happen.
Something hits you but does no damage. x2
You hit something.
Reactivating autopickup.
You feel a bit more experienced.
You closely miss the kobold. The kobold closely misses you.
You closely miss the kobold.
The kobold hits you with a +0 short sword.
* * * LOW HITPOINT WARNING * * *
You barely miss the kobold. The kobold misses you.
You closely miss the kobold.
The kobold hits you with a +0 short sword.
You die...

#.....# #...###.#
#.....# #$...##.#
#.....# #......##
#.....###......##
........#.......##
#....#........##
#....#.##......##
####
#......####.....##
#..PP ##@b....#
###....#
..P.≈.♣K###...b#
###...
.≈.≈.≈†...#....#
###.
P≈≈≈≈.≈Pb.#.....#
##
.≈≈≈≈≈≈?..#.....#
.≈≈≈≈≈≈...#......
.≈≈≈≈≈≈...........
..≈≈≈≈≈♣........#..
#≈..≈≈≈ .....


You could see a kobold.

Vanquished Creatures
  A dart slug (D:1)
  An endoplasm (D:1)
  A hobgoblin (D:1)
  A ball python (D:1)
4 creatures vanquished.

Notes
Turn   | Place    | Note
-------+----------+-------------------------------------------
     0 | D:1      | lessens the Deep Elf Chaos Knight began the quest for the
                  | Orb.
     0 | D:1      | Reached XP level 1. HP: 13/13 MP: 3/3
    36 | D:1      | XOM: silly message
    36 | D:1      | XOM: butterfly on damage
    57 | D:1      | Slain by a kobold

Illustrated notes

Levels and vault maps discovered:
D:1:      minmay_arrival_pointy, layout_basic,
          ebering_ecumenical_altar_sacrificial, minmay_misc_feat_nine_boxes,
          serial_bayou_pond_b, minmay_pentomino_q4

Action                   || total
-------------------------++-------
Melee: Short sword       ||    15
Armor: Leather armour    ||     5
Dodge: Dodged            ||     7

Table legend: (Time is in decaauts)
 A = Elapsed time spent in this place.
 B = Non-inter-level travel time spent in this place.
 C = Inter-level travel time spent in this place.
 D = Time resting spent in this place.
 E = Time spent auto-exploring this place.
 F = Levels seen in this place.
 G = Mean time per level.
                   A        B        C        D        E       F      G
               +--------+--------+--------+--------+--------+-----+--------+
         Total |     56 |     56 |      0 |      0 |     28 |   1 |   56.0 |
       Dungeon |     56 |     56 |      0 |      0 |     28 |   1 |   56.0 |
               +--------+--------+--------+--------+--------+-----+--------+

Top non-repeatable levels by time:
     D:1: 56 daAuts
